BSA
PLYMOUTH ROCKS @ FRESNO DEPLORABLES
11/04/2027
 
TOP OF THE 1ST
Plymouth Rocks batting - Pitching for Fresno Deplorables : RHP Butch Ramey
Pitching: RHP Butch Ramey
Batting: LHB Roberto García 0-0: Ball
1-0: Foul Ball, location: 2F
1-1: Ball
2-1: Called Strike
2-2: SINGLE (Groundball, 5D)
Batting: LHB Roy Patrick 0-0: Ball
1-0: Ball
2-0: Fielders Choice at 2nd, 5-4 (Groundball, 56)
Batting: RHB Andrés Lara 0-0: Ball
1-0: TRIPLE (Flyball, 9LM)
Roy Patrick scores
Batting: LHB Roger Moore 0-0: Swinging Strike
0-1: SINGLE (Flyball, 8LS)
Andrés Lara scores
Batting: RHB António Gonzáles 0-0: Ball
1-0: Called Strike
1-1: Swinging Strike
1-2: Foul Ball, location: 2F
1-2: Ball
Roger Moore steals 2nd base
2-2: Ball
3-2: SINGLE (Groundball, 56D)
Roger Moore to third
Runner from 3rd tries for Home, SAFE, no throw
Batting: RHB Taylor McFarland 0-0: Foul Ball, location: 2F
0-1: SINGLE (Groundball, 34S) (infield hit)
António Gonzáles to second
Batting: SHB Víctor Serrano 0-0: Ball
1-0: Called Strike
1-1: Ball
2-1: Ground out 6-3 (Groundball, 6MD)
António Gonzáles to third
Taylor McFarland to second
Batting: RHB Javier Rentería 0-0: Foul Ball, location: 2F
0-1: Ground out 4-3 (Groundball, 34D)
Top of the 1st over - 3 run(s), 5 hit(s), 0 error(s), 2 left on base; Plymouth 3 - Fresno 0
BOTTOM OF THE 1ST
Fresno Deplorables batting - Pitching for Plymouth Rocks : RHP José Martínez
Pitching: RHP José Martínez
Batting: RHB Dani Vázquez 0-0: SINGLE (Line Drive, 89S)
Batting: LHB Paul Mullins 0-0: Ball
1-0: Called Strike
1-1: Called Strike
1-2: Foul Ball, location: 2F
1-2: Foul Ball, location: 2F
1-2: Ground out U3 (Groundball, 3)
Dani Vázquez to second
Batting: LHB Jeff Daniels 0-0: Called Strike
0-1: SINGLE (Line Drive, 89M)
Dani Vázquez to third
Batting: LHB Troy Donaldson 0-0: Swinging Strike
0-1: Ball
1-1: Foul Ball, location: 2F
1-2: Foul Ball, location: 2F
1-2: Foul Ball, location: 2F
1-2: Strikes out swinging
Batting: RHB Paco Arellano 0-0: Called Strike
0-1: Foul Ball, location: 2F
0-2: Ball
1-2: Ball
2-2: Ground out 3-1 (Groundball, 34)
Bottom of the 1st over - 0 run(s), 2 hit(s), 0 error(s), 2 left on base; Plymouth 3 - Fresno 0
TOP OF THE 2ND
Plymouth Rocks batting - Pitching for Fresno Deplorables : RHP Butch Ramey
Batting: RHB Luis Sánchez 0-0: Called Strike
0-1: Ball
1-1: Fly out, F7 (Flyball, 7LS)
Batting: LHB Roberto García 0-0: Called Strike
0-1: Ball
1-1: SINGLE (Line Drive, 7LM)
Batting: LHB Roy Patrick 0-0: Ball
1-0: Ball
Roberto García steals 2nd base
2-0: Called Strike
2-1: Fly out, F9 (Flyball, 89S)
Batting: RHB Andrés Lara 0-0: Ball
1-0: Ground out U3 (Groundball, 34)
Top of the 2nd over - 0 run(s), 1 hit(s), 0 error(s), 1 left on base; Plymouth 3 - Fresno 0
BOTTOM OF THE 2ND
Fresno Deplorables batting - Pitching for Plymouth Rocks : RHP José Martínez
Batting: RHB Manolo Román 0-0: Ball
1-0: Swinging Strike
1-1: Foul Ball, location: 2F
1-2: Ball
2-2: SINGLE (Groundball, 56D)
Batting: LHB Keith Beard 0-0: Foul Ball, location: 2F
0-1: Grounds into double play, 4-6-3 (Groundball, 34)
Batting: RHB Aaron Scott 0-0: Ball
1-0: Called Strike
1-1: Ball
2-1: Foul Ball, location: 2F
2-2: Strikes out looking
Bottom of the 2nd over - 0 run(s), 1 hit(s), 0 error(s), 0 left on base; Plymouth 3 - Fresno 0
TOP OF THE 3RD
Plymouth Rocks batting - Pitching for Fresno Deplorables : RHP Butch Ramey
Batting: LHB Roger Moore 0-0: Fly out, F4 (Popup, 34D)
Batting: RHB António Gonzáles 0-0: Ground out 6-3 (Groundball, 6)
Batting: RHB Taylor McFarland 0-0: Ball
1-0: Foul Ball, location: 2F
1-1: Ball
2-1: Ball
3-1: Ground out 6-3 (Groundball, 6)
Top of the 3rd over - 0 run(s), 0 hit(s), 0 error(s), 0 left on base; Plymouth 3 - Fresno 0
BOTTOM OF THE 3RD
Fresno Deplorables batting - Pitching for Plymouth Rocks : RHP José Martínez
Batting: RHB Germán Rosales 0-0: Called Strike
0-1: Ball
1-1: Ground out 6-3 (Groundball, 6)
Batting: RHB Dani Vázquez 0-0: Foul Ball, location: 2F
0-1: Ball
1-1: Called Strike
1-2: Foul Ball, location: 2F
1-2: Ball
2-2: Ball
3-2: Fly out, F8 (Flyball, 8RS)
Batting: LHB Paul Mullins 0-0: DOUBLE (Line Drive, 89M)
Batting: LHB Jeff Daniels 0-0: Called Strike
0-1: Swinging Strike
0-2: Strikes out swinging
Bottom of the 3rd over - 0 run(s), 1 hit(s), 0 error(s), 1 left on base; Plymouth 3 - Fresno 0
TOP OF THE 4TH
Plymouth Rocks batting - Pitching for Fresno Deplorables : RHP Butch Ramey
Batting: SHB Víctor Serrano 0-0: Fly out, F3 (Line Drive, 3)
Batting: RHB Javier Rentería 0-0: Ball
1-0: Ground out 5-3 (Groundball, 56)
Batting: RHB Luis Sánchez 0-0: Ball
1-0: Ball
2-0: Foul Ball, location: 2F
2-1: Ball
3-1: Foul Ball, location: 2F
3-2: Base on Balls
Batting: LHB Roberto García 0-0: Ball
1-0: Ball
2-0: Ball
3-0: Called Strike
3-1: Swinging Strike
3-2: Base on Balls
Luis Sánchez to second
Batting: LHB Roy Patrick 0-0: Ball
1-0: Called Strike
1-1: Ball
2-1: Ball
3-1: Foul Ball, location: 2F
3-2: Foul Ball, location: 2F
3-2: Base on Balls
Luis Sánchez to third
Roberto García to second
Batting: RHB Andrés Lara 0-0: Called Strike
0-1: Ball
1-1: SINGLE (Line Drive, 56D)
Luis Sánchez scores
Roberto García to third
Roy Patrick to second
Runner from 3rd tries for Home, SAFE, no throw
Batting: LHB Roger Moore 0-0: Swinging Strike
0-1: Foul Ball, location: 2F
0-2: Ball
1-2: Ball
2-2: Foul Ball, location: 2F
2-2: Foul Ball, location: 2F
2-2: Strikes out swinging
Top of the 4th over - 2 run(s), 1 hit(s), 0 error(s), 2 left on base; Plymouth 5 - Fresno 0
BOTTOM OF THE 4TH
Fresno Deplorables batting - Pitching for Plymouth Rocks : RHP José Martínez
Batting: LHB Troy Donaldson 0-0: Ball
1-0: Ball
2-0: Called Strike
2-1: Ball
3-1: SINGLE (Groundball, 4MD)
Batting: RHB Paco Arellano 0-0: Called Strike
0-1: Foul Ball, location: 2F
0-2: Ball
1-2: Strikes out looking
Troy Donaldson is caught stealing 2nd base
Batter strikes out.
Batting: RHB Manolo Román 0-0: Foul Ball, location: 2F
0-1: Foul Ball, location: 2F
0-2: Ball
1-2: SINGLE (Groundball, 56D)
Batting: LHB Keith Beard 0-0: Swinging Strike
0-1: Ball
1-1: Ball
2-1: Ball
3-1: Base on Balls
Manolo Román to second
Batting: RHB Aaron Scott 0-0: Swinging Strike
0-1: Foul Ball, location: 2F
0-2: Foul Ball, location: 2F
0-2: Ball
1-2: SINGLE (Line Drive, 78S)
Manolo Román to third
Keith Beard to second
Runner from 3rd tries for Home, SAFE, throw made home
Keith Beard to third
Aaron Scott to second
Batting: RHB Germán Rosales 0-0: Fly out, F4 (Line Drive, 4M)
Bottom of the 4th over - 1 run(s), 3 hit(s), 0 error(s), 2 left on base; Plymouth 5 - Fresno 1
TOP OF THE 5TH
Plymouth Rocks batting - Pitching for Fresno Deplorables : RHP Butch Ramey
Batting: RHB António Gonzáles 0-0: Ground out 6-3 (Groundball, 6)
Batting: RHB Taylor McFarland 0-0: Ball
1-0: Ball
2-0: Called Strike
2-1: Foul Ball, location: 2F
2-2: Ground out 5-3 (Groundball, 56S)
Batting: SHB Víctor Serrano 0-0: Called Strike
0-1: Ball
1-1: Foul Ball, location: 2F
1-2: Fly out, F9 (Flyball, 9LSF)
Top of the 5th over - 0 run(s), 0 hit(s), 0 error(s), 0 left on base; Plymouth 5 - Fresno 1
BOTTOM OF THE 5TH
Fresno Deplorables batting - Pitching for Plymouth Rocks : RHP José Martínez
Batting: RHB Dani Vázquez 0-0: Ball
1-0: Ball
2-0: Foul Ball, location: 2F
2-1: Ball
3-1: Ground out 5-3 (Groundball, 5S)
Batting: LHB Paul Mullins 0-0: Ball
1-0: Foul Ball, location: 2F
1-1: Ball
2-1: Foul Ball, location: 2F
2-2: Ball
3-2: Foul Ball, location: 2F
3-2: Foul Ball, location: 2F
3-2: Foul Ball, location: 2F
3-2: Foul Ball, location: 2F
3-2: Foul Ball, location: 2F
3-2: Foul Ball, location: 2F
3-2: Fly out, F8 (Flyball, 8LD)
Batting: LHB Jeff Daniels 0-0: Foul Ball, location: 2F
0-1: Foul Ball, location: 2F
0-2: SOLO HOME RUN (Flyball, 89XD), Distance : 364 ft
Batting: LHB Troy Donaldson 0-0: Ball
1-0: Called Strike
1-1: Ball
2-1: Ball
3-1: Fly out, F9 (Flyball, 9D)
Bottom of the 5th over - 1 run(s), 1 hit(s), 0 error(s), 0 left on base; Plymouth 5 - Fresno 2
TOP OF THE 6TH
Plymouth Rocks batting - Pitching for Fresno Deplorables : RHP Butch Ramey
Pitching: RHP José Rivera
Batting: RHB Javier Rentería 0-0: Ball
1-0: Ground out 1-3 (Groundball, 15S)
Batting: RHB Luis Sánchez 0-0: Called Strike
0-1: Called Strike
0-2: Ball
1-2: Strikes out swinging
Batting: LHB Roberto García 0-0: Ball
1-0: Ball
2-0: Ball
3-0: Base on Balls
Batting: LHB Roy Patrick 0-0: Called Strike
0-1: SINGLE (Groundball, 56S) (infield hit)
Roberto García to second
Pinch Runner at 1st Jorge Jiménez:
Batting: RHB Andrés Lara 0-0: Called Strike
0-1: Fielders Choice at 2nd, 4-6 (Groundball, 4)
Top of the 6th over - 0 run(s), 1 hit(s), 0 error(s), 1 left on base; Plymouth 5 - Fresno 2
BOTTOM OF THE 6TH
Fresno Deplorables batting - Pitching for Plymouth Rocks : RHP José Martínez
Pitching: RHP Lorenzo Aguilar
Batting: RHB Paco Arellano 0-0: Called Strike
0-1: Foul Ball, location: 2F
0-2: SOLO HOME RUN (Flyball, 78XD), Distance : 381 ft
Batting: RHB Manolo Román 0-0: Called Strike
0-1: Ball
1-1: Ball
2-1: Ball
3-1: Base on Balls
Batting: LHB Keith Beard 0-0: Ball
1-0: Ball
2-0: Ball
3-0: Foul Ball, location: 2F
3-1: Base on Balls
Manolo Román to second
Batting: RHB Aaron Scott 0-0: Ball
1-0: Ball
2-0: Ball
3-0: Called Strike
3-1: Grounds into double play, 6-4-3 (Groundball, 6)
Manolo Román to third
Batting: RHB Germán Rosales 0-0: Called Strike
0-1: Fly out, F1 (Line Drive, 13S)
Bottom of the 6th over - 1 run(s), 1 hit(s), 0 error(s), 1 left on base; Plymouth 5 - Fresno 3
TOP OF THE 7TH
Plymouth Rocks batting - Pitching for Fresno Deplorables : RHP José Rivera
Batting: LHB Roger Moore 0-0: Fly out, F6 (Flyball, 56D)
Batting: RHB António Gonzáles 0-0: Called Strike
0-1: Foul Ball, location: 2F
0-2: Ball
1-2: DOUBLE (Flyball, 7)
Batting: RHB Taylor McFarland 0-0: Called Strike
0-1: Ball
1-1: Ground out 4-3 (Groundball, 34)
António Gonzáles to third
Batting: SHB Víctor Serrano 0-0: Intentional Walk
Batting: RHB Javier Rentería 0-0: Called Strike
0-1: Ball
Wild Pitch!
António Gonzáles scores
Víctor Serrano to second
1-1: Called Strike
1-2: Ball
2-2: Ball
3-2: Ground out 6-3 (Groundball, 56)
Top of the 7th over - 1 run(s), 1 hit(s), 0 error(s), 1 left on base; Plymouth 6 - Fresno 3
BOTTOM OF THE 7TH
Fresno Deplorables batting - Pitching for Plymouth Rocks : RHP Lorenzo Aguilar
Batting: RHB Dani Vázquez 0-0: Swinging Strike
0-1: Ground out 2-3 (Groundball, 15S)
Batting: LHB Paul Mullins 0-0: Called Strike
0-1: Fly out, F7 (Line Drive, 7)
Batting: LHB Jeff Daniels 0-0: Ball
1-0: Ball
2-0: Called Strike
2-1: Ground out 4-3 (Groundball, 4)
Bottom of the 7th over - 0 run(s), 0 hit(s), 0 error(s), 0 left on base; Plymouth 6 - Fresno 3
TOP OF THE 8TH
Plymouth Rocks batting - Pitching for Fresno Deplorables : RHP José Rivera
Batting: RHB Luis Sánchez 0-0: Swinging Strike
0-1: Foul Ball, location: 2F
0-2: Foul Ball, location: 2F
0-2: Ball
1-2: Foul Ball, location: 2F
1-2: Ground out 5-3 (Groundball, 56S)
Batting: LHB Roberto García 0-0: Ball
1-0: Called Strike
1-1: Swinging Strike
1-2: DOUBLE (Line Drive, 9LD)
Batting: RHB Jorge Jiménez 0-0: Called Strike
0-1: Foul Ball, location: 2F
0-2: Ball
1-2: Foul Ball, location: 2F
1-2: SINGLE (Groundball, 4) (infield hit)
Roberto García to third
Batting: RHB Andrés Lara 0-0: Ball
1-0: Called Strike
Throwing error on steal attempt, E2
Roberto García scores
Jorge Jiménez to third
1-1: Foul Ball, location: 2F
1-2: Ball
2-2: Fly out, F8 (Flyball, 78XD)
Runner from 3rd tags up, SCORES, no throw
Pitching: LHP Rob Greene
Batting: LHB Roger Moore 0-0: Called Strike
0-1: Ball
1-1: Foul Ball, location: 2F
1-2: Strikes out swinging
Top of the 8th over - 2 run(s), 2 hit(s), 1 error(s), 0 left on base; Plymouth 8 - Fresno 3
BOTTOM OF THE 8TH
Fresno Deplorables batting - Pitching for Plymouth Rocks : RHP Lorenzo Aguilar
Batting: LHB Troy Donaldson 0-0: Ball
1-0: Fly out, F8 (Flyball, 8LXD)
Batting: RHB Paco Arellano 0-0: Ground out 4-3 (Groundball, 4)
Batting: RHB Manolo Román 0-0: Ball
1-0: Ground out 5-3 (Groundball, 56S)
Bottom of the 8th over - 0 run(s), 0 hit(s), 0 error(s), 0 left on base; Plymouth 8 - Fresno 3
TOP OF THE 9TH
Plymouth Rocks batting - Pitching for Fresno Deplorables : LHP Rob Greene
Batting: RHB António Gonzáles 0-0: Ball
1-0: Called Strike
1-1: Ball
2-1: Foul Ball, location: 2F
2-2: Fly out, F9 (Flyball, 89M)
Batting: RHB Taylor McFarland 0-0: Called Strike
0-1: Ball
1-1: SINGLE (Groundball, 56D)
Batting: SHB Víctor Serrano 0-0: Swinging Strike
0-1: Ball
1-1: Swinging Strike
1-2: Foul Ball, location: 2F
1-2: Foul Ball, location: 2F
1-2: Ball
2-2: Foul Ball, location: 2F
2-2: Fly out, F5 (Popup, 56)
Batting: RHB Javier Rentería 0-0: Ball
1-0: Ball
2-0: Ball
3-0: Base on Balls
Taylor McFarland to second
Batting: RHB Luis Sánchez 0-0: Foul Ball, location: 2F
0-1: Ball
1-1: Ball
2-1: Ball
3-1: Base on Balls
Taylor McFarland to third
Javier Rentería to second
Batting: LHB Roberto García 0-0: Ball
1-0: Called Strike
1-1: Ball
2-1: Fielders Choice at 2nd, 5-4 (Groundball, 56)
Top of the 9th over - 0 run(s), 1 hit(s), 0 error(s), 2 left on base; Plymouth 8 - Fresno 3
BOTTOM OF THE 9TH
Fresno Deplorables batting - Pitching for Plymouth Rocks : RHP Lorenzo Aguilar
Batting: LHB Keith Beard 0-0: Foul Ball, location: 2F
0-1: Ground out 4-3 (Groundball, 4M)
Batting: RHB Aaron Scott 0-0: Ball
1-0: Foul Ball, location: 2F
1-1: Foul Ball, location: 2F
1-2: Foul Ball, location: 2F
1-2: Ball
2-2: DOUBLE (Line Drive, 9LM)
Batting: RHB Germán Rosales 0-0: Ball
1-0: Ground out 4-3 (Groundball, 4)
Aaron Scott to third
Batting: RHB Dani Vázquez 0-0: Swinging Strike
0-1: Ball
1-1: Ball
2-1: Ball
3-1: Foul Ball, location: 2F
3-2: Ground out 5-3 (Groundball, 5)
Bottom of the 9th over - 0 run(s), 1 hit(s), 0 error(s), 1 left on base; Plymouth 8 - Fresno 3
Thursday, March 30th, 2017 - OOTP Baseball 17.12 Build 75